 Dungeon Crawl Stone Soup version 0.21.1-1-g345015fe64 (webtiles) character file.

179 Oravi the Slinger (level 5, -4/34 HPs)
             Began as a Halfling Hunter on Mar 23, 2018.
             Slain by an orc warrior
             ... wielding a +0 battleaxe
              (15 damage)
             ... on level 2 of the Dungeon.
             The game lasted 00:22:36 (1944 turns).

Oravi the Slinger (Halfling Hunter)                 Turns: 1944, Time: 00:22:37

Health: -4/34      AC:  4    Str: 19    XL:     5   Next: 90%
Magic:  5/5        EV: 14    Int:  9    God:
Gold:   117        SH:  0    Dex: 15    Spells: 4/4 levels left

rFire    . . .     SeeInvis .   b - +0 short sword
rCold    . . .     Gourm    .   (shield restricted)
rNeg     . . .     Faith    .   c - +0 leather armour
rPois    .         Spirit   .   (no helmet)
rElec    .         Reflect  .   k - +0 cloak
rCorr    .         Harm     .   (no gloves)
MR       .....                  (no boots)
Stlth    ++........             h - amulet of regeneration
HPRegen  0.51/turn              r - ring of wizardry
MPRegen  0.09/turn              (no ring)

@: mighty, flying (expiring)
A: small, mutation resistance 1
a: no special abilities


You were on level 2 of the Dungeon.
You were not hungry.

You visited 1 branch of the dungeon, and saw 3 of its levels.

You collected 117 gold pieces.

Inventory:

Hand Weapons
 a - a +2 hunting sling
 b - a +0 short sword (weapon)
 j - a +3 dagger
Missiles
 e - 70 stones (quivered)
 l - a sling bullet
 q - a throwing net
Armour
 c - a +0 leather armour (worn)
 k - a +0 cloak (worn)
 s - a +1 chain mail of poison resistance
 t - a +0 scale mail
Jewellery
 h - an amulet of regeneration (around neck)
 o - an uncursed amulet of guardian spirit
 r - a ring of wizardry (left hand)
Scrolls
 u - a scroll of remove curse
Potions
 p - a potion of magic {unknown}
Comestibles
 d - 7 chunks of flesh
 f - 6 rations


   Skills:
 - Level 1.7 Fighting
 + Level 9.0 Slings
 - Level 2.1 Dodging
 * Level 2.9 Stealth


You had 4 spell levels left.
You didn't know any spells.

Dungeon Overview and Level Annotations

Branches:
Dungeon (3/15)

Altars:
Dithmenos

Annotations:
D:3 Lothor's ghost, amateur CeHu


Innate Abilities, Weirdness & Mutations

You are small and have problems with some larger weapons.
You are somewhat resistant to further mutation.


Message History

You see here a hand axe.
You see here an orc corpse.
You butcher the orc corpse.
d - 7 chunks of flesh (gained 4)
There is a stone staircase leading down, spattered with blood here.
You fly downwards.
Level annotation: Lothor's ghost, amateur CeHu You are starting to lose your buoyancy.
The orc warrior barely misses you. The orc barely misses you.
There is a stone staircase leading up, spattered with blood here.
You see here 2 steel tomahawks.
The orc warrior hits you with a battleaxe!!
Ouch! That really hurt!
* * * LOW HITPOINT WARNING * * *
The orc misses you.
You fly upwards.
There is a stone staircase leading down, spattered with blood here.
You feel better. The orc hits you with a trident.
The orc warrior hits you with a battleaxe!
You die...

#........#§#§#.#.#
#........§§._§§..#
#........#§#.#.###
#.........#.§.## ######
##.......##.#.############.....
##.......)................#.....
##............#..#########.......
...............#)# ###.....
#..............#@#### #.....
#..............#oo..# ####.....
...............####.# #........
...)...........## #.# #.##.....
................###.#####.##.....
#............##...........####..#
.........#########........# ##.##
.#...###..########........# #).#
.....##...............<...# #..#


You could see an orc warrior and an orc.

Vanquished Creatures
  An orc wizard (D:2)
  Natasha (thrice) (D:2)
  An adder (D:2)
  3 dart slugs
  3 leopard geckos
  8 orcs (D:2)
  A giant cockroach (D:1)
  3 goblins (D:1)
  8 hobgoblins
  A ball python (D:1)
  10 bats
  4 frilled lizards
  6 kobolds
  2 rats (D:1)
54 creatures vanquished.

Notes
Turn   | Place    | Note
-------+----------+-------------------------------------------
     0 | D:1      | Oravi the Halfling Hunter began the quest for the Orb.
     0 | D:1      | Reached XP level 1. HP: 14/14 MP: 1/1
    80 | D:1      | Reached skill level 6 in Slings
    96 | D:1      | Reached XP level 2. HP: 19/19 MP: 2/2
   258 | D:1      | Reached XP level 3. HP: 24/24 MP: 3/3
   479 | D:1      | Reached skill level 7 in Slings
  1278 | D:2      | Found a shadowy altar of Dithmenos.
  1289 | D:2      | Reached XP level 4. HP: 29/29 MP: 4/4
  1406 | D:2      | Noticed Natasha
  1413 | D:2      | Killed Natasha
  1429 | D:2      | Noticed Natasha
  1443 | D:2      | Killed Natasha
  1443 | D:2      | Reached skill level 8 in Slings
  1443 | D:2      | Reached XP level 5. HP: 2/34 MP: 5/5
  1627 | D:2      | Noticed Natasha
  1631 | D:2      | Killed Natasha
  1780 | D:3      | Noticed Lothor's ghost (amateur CeHu)
  1811 | D:3      | Noticed an orc warrior
  1930 | D:2      | Reached skill level 9 in Slings
  1944 | D:2      | Slain by an orc warrior

Skill      XL: |  1  2  3  4  5 |
---------------+----------------+-----
Slings         | 6 7 8 9 |  9.0
Stealth        | 2 |  2.9
Fighting       | |  1.7
Dodging        | |  2.1

Action                   |  1- 3 |  4- 6 || total
-------------------------+-------+-------++-------
Melee: Short sword       |    42 |    19 ||    61
 Fire: Hunting sling     |    85 |    52 ||   137
  Use: Scroll            |     3 |     4 ||     7
       Potion            |       |     4 ||     4
  Eat: Chunk             |     1 |     2 ||     3
Armor: Leather armour    |    24 |     6 ||    30
Dodge: Dodged            |    61 |    48 ||   109
